 Dungeon Crawl Stone Soup version 0.21-a0-529-g8c7b3f5 (webtiles) character file.

3636 Dawnplanks the Blocker (level 10, -12/60 HPs)
             Began as a Gargoyle Fighter on Dec 10, 2017.
             Killed from afar by RedSky's ghost (26 damage)
             ... with a stone arrow
             ... on level 8 of the Dungeon.
             The game lasted 00:22:11 (8116 turns).

Dawnplanks the Blocker (Gargoyle Fighter)           Turns: 8116, Time: 00:22:12

Health: -12/60     AC: 27    Str: 27    XL:     10   Next: 11%
Magic:  10/10      EV: 10    Int: 12    God:
Gold:   215        SH: 12    Dex: 10    Spells: 9/9 levels left

rFire    . . .     SeeInvis .   w - +0 mace (protect)
rCold    + . .     Gourm    .   c - +0 shield
rNeg     + . .     Faith    .   b - +0 scale mail
rPois    ∞         Spirit   .   H - +1 helmet {Int+3}
rElec    +         Reflect  .   r - +1 cloak
rCorr    .         Harm     .   D - +0 pair of gloves
MR       .....                  (no boots)
Stlth    ..........             (no amulet)
HPRegen  0.20/turn              s - ring of protection from cold
MPRegen  0.12/turn              (no ring)

@: mighty, protection aura
A: negative energy resistance 1, electricity resistance, unbreathing,
petrification resistance, rot immunity, AC +7
a: no special abilities


You were on level 8 of the Dungeon.
You were very hungry.

You visited 2 branches of the dungeon, and saw 9 of its levels.
You also visited: Sewer.

You collected 440 gold pieces.
You spent 225 gold pieces at shops.

Inventory:

Hand Weapons
 a - a +0 flail
 w - a +0 mace of protection (weapon)
 C - a +1 whip of freezing
Missiles
 h - 19 tomahawks (quivered)
Armour
 b - a +0 scale mail (worn)
 c - a +0 shield (worn)
 r - a +1 cloak (worn)
 D - a +0 pair of gloves (worn)
 H - a +1 helmet of intelligence (worn)
Jewellery
 s - a ring of protection from cold (left hand)
 t - an uncursed amulet of harm
Wands
 A - a wand of iceblast (14)
 F - a wand of disintegration (11)
Scrolls
 j - 4 scrolls of amnesia {unknown}
 k - a scroll of random uselessness {unknown}
 m - a scroll of enchant weapon {unknown}
 n - 5 scrolls of remove curse
 o - 2 scrolls of blinking {unknown}
 p - 4 scrolls of identify {unknown}
 u - 5 scrolls of magic mapping {unknown}
 x - a scroll of teleportation {unknown}
 y - a scroll of enchant armour {unknown}
 J - 2 scrolls of noise {unknown}
 N - a scroll of fog {unknown}
Potions
 e - a potion of heal wounds {unknown}
 l - 4 potions of cancellation {unknown}
 v - 3 potions of curing
 z - 2 potions of berserk rage {unknown}
 B - a potion of lignification {unknown}
 E - 3 potions of haste {unknown}
 G - 2 potions of mutation {unknown}
 L - 2 potions of ambrosia {unknown}
Books
 K - a book of Conjurations

   Spells                             Type                      Level
   a - Magic Dart                     Conjuration                  1
   b - Searing Ray                    Conjuration                  2
   c - Dazzling Spray                 Conjuration/Hexes            3
   d - Fulminant Prism                Conjuration/Hexes            4
   e - Force Lance                    Conjuration/Translocation    4
   f - Iskenderun's Mystic Blast      Conjuration                  4
 M - a book of Frost

   Spells                             Type                      Level
   a - Freeze                         Ice                          1
   b - Throw Frost                    Conjuration/Ice              2
   c - Ozocubu's Armour               Charms/Ice                   3
   d - Throw Icicle                   Conjuration/Ice              4
   e - Summon Ice Beast               Ice/Summoning                4
Comestibles
 f - 8 bread rations
 g - 4 royal jellies
 i - 5 meat rations
 q - 5 fruits
 I - 3 chunks of flesh


   Skills:
 + Level 6.0 Fighting
 + Level 8.7 Maces & Flails
 + Level 6.4 Armour
 + Level 3.8 Dodging
 + Level 9.1 Shields


You had 9 spell levels left.
You didn't know any spells.

Dungeon Overview and Level Annotations

Branches:
Dungeon (8/15)             Temple (1/1) D:6
   Lair: D:8-11

Altars:
Ashenzari
Cheibriados
Dithmenos
Elyvilon
Fedhas
Gozag
Hepliaklqana
Kikubaaqudgha
Nemelex Xobeh
Okawaru
Qazlal
Ru
Sif Muna
Trog
Uskayaw
Vehumet
Wu Jian
Xom
Yredelemnul
Zin
The Shining One

Shops:
D:7 [

Annotations:
D:8 RedSky's ghost, novice GrEE


Innate Abilities, Weirdness & Mutations

You are resistant to torment.
Your stone body is resilient. (AC +7)
You are immune to poison.
You resist negative energy. (rN+)
You are resistant to electric shocks. (rElec)
You can survive without breathing.
You are immune to petrification.
You are immune to rotting.


Message History

You block RedSky's ghost's attack.
You hit RedSky's ghost but do no damage.
RedSky's ghost is moderately damaged.
You block RedSky's ghost's attack. You block RedSky's ghost's attack.
It was a potion of curing.
You feel better. RedSky's ghost barely misses you.
You hit RedSky's ghost but do no damage.
RedSky's ghost is moderately damaged.
You hit RedSky's ghost but do no damage.
RedSky's ghost is moderately damaged.
RedSky's ghost points at you and mumbles some strange words.
The blast of sand misses you.
RedSky's ghost hits you but does no damage.
You miss RedSky's ghost.
RedSky's ghost is moderately damaged.
You hit RedSky's ghost but do no damage.
RedSky's ghost is moderately damaged.
RedSky's ghost gestures at you while chanting.
The stone arrow hits you!
You die...

#.# #(# #.# #
#.#### #.# #.# #
#....# #.# #.# #
#.##.# #.# .. .
#.##.# #.# # #.##.#
#.# ### #.##.# #.#
..# #.##.# #.# #.#
#.##.# #@# # #.# #.
..# #W#####.# #.#
#.# #Z#.....# # #.#
#g#Z....###.####.#
##g#W............<.
#hhh.g....##.......
#.g...h.......###.#
#.$.#.....##.####g#
######...........g.


You could see a gnoll sergeant, RedSky's ghost, 2 gnolls, a worker ant zombie
and 3 jackals.

Vanquished Creatures
  Pikel (D:5)
  Grinder (D:5)
  A hungry ghost (D:8)
  Menkaure (D:6)
  Purgy (Sewer)
  A water moccasin (D:7)
  A slave (D:5)
  An ice beast (D:7)
  2 sky beasts
  A phantom (D:6)
  7 ogres
  Blork the orc (D:4)
  2 bullfrogs
  2 wyvern skeletons (D:6)
  A water moccasin skeleton (D:7)
  A vampire bat (D:5)
  4 crimson imps
  2 centaur zombies
  3 hounds
  A jelly (D:7)
  4 orc priests
  4 orc wizards
  A bullfrog skeleton (D:6)
  Ijyb (D:5)
  An iguana (D:8)
  5 worker ants
  3 hound zombies (D:6)
  A hound skeleton (D:4)
  A howler monkey zombie (D:6)
  4 worker ant zombies
  2 howler monkey skeletons
  A gnoll (D:8)
  7 adders
  2 river rats (D:5)
  2 shadow imps
  An ooze (D:3)
  4 worms
  3 dart slugs
  3 fire bats (D:5)
  5 leopard geckos
  28 orcs
  2 spectral bats (D:5)
  24 bats
  3 bat skeletons (D:5)
  A bat zombie (D:5)
  4 giant cockroaches
  4 goblins
  7 hobgoblins
  4 jackals
  2 quokkas
  3 ball pythons
  A bat simulacrum (D:5)
  4 frilled lizards
  A giant cockroach zombie (D:6)
  6 kobolds
  A leopard gecko skeleton (D:6)
  A quokka skeleton (D:6)
  A quokka zombie (D:6)
  9 rats
196 creatures vanquished.

Vanquished Creatures (others)
  A frilled lizard (D:5)
1 creature vanquished.

Grand Total: 197 creatures vanquished

Notes
Turn   | Place    | Note
-------+----------+-------------------------------------------
     0 | D:1      | Dawnplanks the Gargoyle Fighter began the quest for the Orb.
     0 | D:1      | Reached XP level 1. HP: 14/14 MP: 1/1
   141 | D:1      | Reached XP level 2. HP: 19/19 MP: 2/2
   875 | D:2      | Reached XP level 3. HP: 23/23 MP: 3/3
  1228 | D:2      | Found an ornate altar of the Wu Jian Council.
  1461 | D:2      | Found an iron altar of Okawaru.
  1754 | D:3      | Found a shattered altar of Ashenzari.
  1781 | D:3      | Found a hazy altar of Hepliaklqana.
  1824 | D:3      | Reached XP level 4. HP: 25/29 MP: 4/4
  1860 | D:3      | Reached skill level 4 in Shields
  2075 | D:3      | Found a stormy altar of Qazlal.
  2658 | D:3      | Reached XP level 5. HP: 7/33 MP: 5/5
  2919 | D:4      | Reached skill level 1 in Dodging
  3093 | D:4      | Noticed an ogre
  3100 | D:4      | Killed an ogre
  3100 | D:4      | Reached skill level 5 in Shields
  3100 | D:4      | Reached XP level 6. HP: 31/38 MP: 6/6
  3247 | D:4      | Noticed Blork the orc
  3269 | D:4      | Killed Blork the orc
  3560 | D:4      | Reached XP level 7. HP: 43/43 MP: 7/7
  3811 | D:5      | Entered Level 5 of the Dungeon
  4041 | D:5      | Found a shimmering altar of Xom.
  4136 | D:5      | Noticed Ijyb
  4173 | D:5      | Killed Ijyb
  4182 | D:5      | Noticed Pikel
  4222 | D:5      | Killed Pikel
  4222 | D:5      | Reached skill level 5 in Maces & Flails
  4222 | D:5      | Reached skill level 6 in Shields
  4222 | D:5      | Reached XP level 8. HP: 26/48 MP: 8/8
  4356 | D:5      | Found a glowing drain.
  4396 | D:5      | Reached skill level 5 in Armour
  4396 | D:5      | Reached skill level 7 in Shields
  4414 | Sewer    | Entered a sewer
  4457 | Sewer    | Noticed Purgy
  4504 | Sewer    | Killed Purgy
  4740 | D:5      | Noticed Grinder
  4741 | D:5      | Paralysed by Grinder for 5 turns
  4763 | D:5      | Killed Grinder
  5270 | D:5      | Reached skill level 5 in Fighting
  5524 | D:5      | Reached XP level 9. HP: 40/54 MP: 9/9
  5842 | D:6      | Reached skill level 8 in Shields
  6128 | D:6      | Found a blossoming altar of Fedhas.
  6334 | D:6      | Noticed Menkaure
  6352 | D:6      | Killed Menkaure
  6493 | D:6      | Found a staircase to the Ecumenical Temple.
  6513 | Temple   | Entered the Ecumenical Temple
  7418 | D:7      | Found a white marble altar of Elyvilon.
  7515 | D:7      | Found Yzxi's Antique Armour Emporium.
  7523 | D:7      | Bought a shiny helmet for 225 gold pieces
  7553 | D:7      | Reached XP level 10. HP: 60/60 MP: 10/10
  7734 | D:8      | Noticed RedSky's ghost (novice GrEE)
  7910 | D:8      | Reached skill level 9 in Shields
  8107 | D:8      | HP: 1/60 [RedSky's ghost/stone arrow (36)]
  8116 | D:8      | Killed from afar by RedSky's ghost

Vault maps used:
D:1:      minmay_arrival_four_loops
D:2:      lemuel_doored_altar, lemuel_coloured_pillars_altar
D:3:      lemuel_crystal_altar, cheibrodos_ashenzari_chains,
          nicolae_qazlal_general_emergency
D:4:      uniq_blork_the_orc
D:5:      first_bread, basic_altar, portal_sewer_entry_a, goddamned_bats,
          uniq_pikel, uniq_grinder, uniq_ijyb
D:6:      fedhas_altar_2, minmay_temple_entry_overgrown, serial_undead,
          serial_undead_d, serial_undead_e, serial_undead_a, serial_undead_a,
          serial_undead_b, serial_undead_b, uniq_menkaure
D:7:      elyvilon_altar_4, serial_shops, shop, grunt_ogre_cave
D:8:      makhleb_blood_cavern_becter, uniq_joseph
Temple:   regret_index_temple_waves
Sewer:    sewer_big_baddie

Skill      XL: |  1  2  3  4  5  6  7  8  9 10 |
---------------+-------------------------------+-----
Shields        | 4 5 6 7 8 9 |  9.1
Maces & Flails | 3 4 5 6 8 |  8.7
Armour         | 4 5 6 |  6.4
Dodging        | 1 2 3 |  3.8
Fighting       | 4 5 6 |  6.0

Action                   |  1- 3 |  4- 6 |  7- 9 | 10-12 || total
-------------------------+-------+-------+-------+-------++-------
Melee: Flail             |   163 |   174 |       |       ||   337
       Mace              |       |    62 |   529 |    96 ||   687
       Whip              |       |       |   266 |       ||   266
Throw: Tomahawk          |       |     6 |     7 |     2 ||    15
  Use: Scroll            |       |       |     1 |       ||     1
       Potion            |       |       |       |     2 ||     2
  Eat: Chunk             |     3 |     6 |    13 |     4 ||    26
       Fruit             |       |       |     1 |     2 ||     3
Armor: Scale mail        |    91 |   214 |   409 |    46 ||   760
Dodge: Dodged            |    58 |    97 |   272 |    43 ||   470
Block: Shield            |    93 |   157 |   449 |    57 ||   756

Table legend:
 A = Spawn XP
 B = Non-spawn XP
 C = Spawn XP percentage of total XP
 D = Spawn monster count
 E = Non-spawn monster count
 F = Spawn count percentage of total count
 G = Total turns spent on level
                    A         B        C        D         E        F      G
               +---------+---------+-------+---------+---------+-------+---------
         Total |       0 |    5195 |   0.0 |       0 |     195 |   0.0 |  8116
               +---------+---------+-------+---------+---------+-------+---------
           D:1 |       0 |      33 |   0.0 |       0 |      22 |   0.0 |   859
           D:2 |       0 |      39 |   0.0 |       0 |      16 |   0.0 |   886
           D:3 |       0 |     151 |   0.0 |       0 |      27 |   0.0 |  1364
           D:4 |       0 |     403 |   0.0 |       0 |      20 |   0.0 |   702
           D:5 |       0 |    1595 |   0.0 |       0 |      48 |   0.0 |  1579
           D:6 |       0 |    1184 |   0.0 |       0 |      29 |   0.0 |  1148
           D:7 |       0 |    1123 |   0.0 |       0 |      19 |   0.0 |   925
           D:8 |       0 |     514 |   0.0 |       0 |       8 |   0.0 |   272
         Sewer |       0 |     153 |   0.0 |       0 |       6 |   0.0 |   262
               +---------+---------+-------+---------+---------+-------+---------
